 Seeded DCSS version 0.30-a0-738-g116ff8c4af (webtiles) character file.

Game seed: 5430720872467839093 (custom seed)

42 purpskrrrp the Shield-Bearer (level 3, -1/36 HPs)
             Began as a Troll Fighter on Feb 4, 2023.
             Slain by a gnoll
             ... wielding a +0 flail
              (5 damage)
             ... on level 2 of the Dungeon.
             The game lasted 00:01:09 (978 turns).

purpskrrrp the Shield-Bearer (Troll Fighter)         Turns: 978, Time: 00:01:10

Health: -1/36      AC:  4    Str: 26    XL:     3   Next: 33%
Magic:  2/2        EV:  8    Int:  4    God:
Gold:   60         SH:  8    Dex:  9    Spells: 2/2 levels left

rFire   . . .      SeeInvis .      - Unarmed
rCold   . . .      Faith    .    b - +0 kite shield
rNeg    . . .      Spirit   .    a - +0 robe
rPois   .          Reflect  .    (helmet restricted)
rElec   .          Harm     .    (no cloak)
rCorr   .          Rampage  .    (gloves unavailable)
Will    .....                    (boots unavailable)
Stlth   +                        (no amulet)
HPRegen 1.06/turn                (no ring)
MPRegen 0.08/turn                (no ring)

@: mighty
A: large, unfitting armour, claws 3, regeneration 1, shaggy fur 1, tough skin 1
a: no special abilities


You were on level 2 of the Dungeon.
You visited 1 branch of the dungeon, and saw 2 of its levels.

You collected 60 gold pieces.

Inventory:

Armour
 a - a +0 robe (worn)
 b - a +0 kite shield (worn)
Jewellery
 l - a +6 ring of strength
Scrolls
 e - a scroll of torment {unknown}
 f - 3 scrolls of amnesia {unknown}
 g - a scroll of identify {unknown}
 h - a scroll of noise {unknown}
 k - a scroll of teleportation {unknown}
 m - a scroll of brand weapon {unknown}
 n - 3 scrolls of acquirement {unknown}
Potions
 d - a potion of mutation {unknown}
 i - a potion of attraction {unknown}
 j - 2 potions of curing {unknown}


   Skills:
 - Level 2.4 Fighting
 - Level 2.4 Dodging
 + Level 3.4 Shields
 + Level 3.1 Unarmed Combat


You had 2 spell levels left.
You didn't know any spells.
Your spell library was empty.

Dungeon Overview and Level Annotations

Branches:
Dungeon (2/15)

Altars:


Innate Abilities, Weirdness & Mutations

You are too large for most types of armour.
You have claws for hands.
Your natural rate of healing is unusually fast.
You are covered in fur. (AC +1)
You have tough skin. (AC +1)


Message History

The gnoll hits you with a +0 whip! The gnoll hits you with a +0 flail.
You are too injured to fight recklessly!
You are too injured to fight recklessly!
You are too injured to fight recklessly!
You are too injured to fight recklessly!
You are too injured to fight recklessly!
You are too injured to fight recklessly!
You are too injured to fight recklessly!
You are too injured to fight recklessly!
You are too injured to fight recklessly!
You are too injured to fight recklessly!
You are too injured to fight recklessly!
You are too injured to fight recklessly!
You are too injured to fight recklessly!
You are too injured to fight recklessly!
You are too injured to fight recklessly!
You are too injured to fight recklessly!
You are too injured to fight recklessly!
You are too injured to fight recklessly!
You are too injured to fight recklessly!
You are too injured to fight recklessly!
You are too injured to fight recklessly!
You feel very mighty all of a sudden. The gnoll hits you with a +0 whip.
The gnoll hits you with a +0 flail!
* * * LOW HITPOINT WARNING * * *
You are too injured to fight recklessly!
You are too injured to fight recklessly!
You are too injured to fight recklessly!
You are too injured to fight recklessly!
You are too injured to fight recklessly!
You are too injured to fight recklessly!
You are too injured to fight recklessly!
You are too injured to fight recklessly!
You are too injured to fight recklessly!
You closely miss the gnoll.
The gnoll is severely wounded.
The gnoll hits you with a +0 whip.
* * * LOW HITPOINT WARNING * * *
The gnoll hits you with a +0 flail.
You die...

# ### .# ..##.
....## ..#..#.
###gg..... #.@g#
# #.#.#
#.#####.#.#
#.......#..
####.####### #
##.....[#.. .##
#..#.##.#.##....
#....##.#......
#..#.......#.#..


You could see 3 gnolls.

Vanquished Creatures
  An adder (D:2)
  3 bats
  4 endoplasms
  2 hobgoblins
  4 jackals (D:1)
  5 kobolds
  2 quokkas (D:1)
  2 ball pythons (D:1)
  A frilled lizard (D:2)
  3 goblins
  A rat (D:1)
28 creatures vanquished.

Notes
Turn   | Place    | Note
-------+----------+-------------------------------------------
     0 | D:1      | purpskrrrp the Troll Fighter began the quest for the Orb.
     0 | D:1      | Reached XP level 1. HP: 22/22 MP: 0/0
   130 | D:1      | Reached XP level 2. HP: 29/29 MP: 1/1
   917 | D:2      | Reached XP level 3. HP: 27/36 MP: 2/2
   978 | D:2      | Slain by a gnoll

Illustrated notes

Levels and vault maps discovered:
D:1:      dpeg_arrival_boxes_within_box, layout_basic
D:2:      layout_loops_ring, serial_shops, shop, nicolae_kite_square_tiling_tiny

Skill      XL: |  1  2 |
---------------+-------+-----
Shields        | 3 |  3.4
Unarmed Combat | 3 |  3.1
Fighting       | |  2.4
Dodging        | |  2.4

Action                     || total
---------------------------++-------
  Melee: Unarmed           ||    97
    Use: Potion            ||     1
   Stab: Sleeping          ||     1
 Armour: Robe              ||    45
  Dodge: Dodged            ||    41
  Block: Kite shield       ||    50

Table legend: (Time is in decaauts)
 A = Elapsed time spent in this place.
 B = Non-inter-level travel time spent in this place.
 C = Inter-level travel time spent in this place.
 D = Time resting spent in this place.
 E = Time spent auto-exploring this place.
 F = Levels seen in this place.
 G = Mean time per level.
                   A        B        C        D        E       F      G
               +--------+--------+--------+--------+--------+-----+--------+
         Total |    987 |    917 |     70 |      0 |    717 |   2 |  493.5 |
       Dungeon |    987 |    917 |     70 |      0 |    717 |   2 |  493.5 |
               +--------+--------+--------+--------+--------+-----+--------+

Top non-repeatable levels by time:
     D:1: 870 daAuts
     D:2: 116 daAuts
